 Dungeon Crawl Stone Soup version 0.28-a0-381-g937acc2988 (webtiles) character file.

Game seed: 14918975760171189113

2172 siradein the Carver (level 9, -13/43 HPs)
             Began as a Vine Stalker Fighter on Sept 2, 2021.
             Killed from afar by Ijyb (30 damage)
             ... with a bolt of acid
             ... on level 4 of the Dungeon.
             The game lasted 00:09:44 (3886 turns).

siradein the Carver (Vine Stalker Fighter)          Turns: 3886, Time: 00:09:45

Health: -13/43     AC: 10    Str: 22    XL:     9   Next: 32%
Magic:  0/10       EV:  9    Int:  8    God:
Gold:   229        SH:  4    Dex: 14    Spells: 8/8 levels left

rFire   . . .      SeeInvis .   t - +0 rapier (flame)
rCold   . . .      Faith    .   c - +0 buckler
rNeg    + . .      Spirit   +   p - +0 pearl dragon scales
rPois   .          Reflect  .   (no helmet)
rElec   .          Harm     .   (no cloak)
rCorr   .          Rampage  .   (no gloves)
Will    +....                   k - +2 pair of boots
Stlth   ..........              (no amulet)
HPRegen 1.14/turn               (no ring)
MPRegen 0.12/turn               (no ring)

@: corroded
A: fangs 3, regeneration 1, magic shield, antimagic bite, no potion heal 2
a: no special abilities


You were on level 4 of the Dungeon.
You visited 2 branches of the dungeon, and saw 6 of its levels.

You collected 229 gold pieces.

Inventory:

Hand Weapons
 a - a +0 long sword
 r - the +3 war axe "Earthworm" {antimagic, Will+ rCorr}
   (You found it on level 5 of the Dungeon)

   It reduces the magical energy of the wielder, and disrupts the spells and
   magical abilities of those it strikes.
   Natural abilities and divine invocations are not affected.
   rCorr:     It protects you from acid and corrosion.
   Will:      It increases your willpower.
 t - a +0 rapier of flaming (weapon)
Armour
 c - a +0 buckler (worn)
 k - a +2 pair of boots (worn)
 p - +0 pearl dragon scales (worn)
Jewellery
 q - an amulet of reflection
Wands
 u - a wand of flame (9)
Scrolls
 b - 3 scrolls of teleportation {unknown}
 f - 5 scrolls of identify {unknown}
 h - a scroll of fear {unknown}
 j - a scroll of enchant weapon {unknown}
 l - a scroll of fog {unknown}
 m - a scroll of immolation {unknown}
Potions
 d - 3 potions of might
 e - 2 potions of invisibility {unknown}
 g - a potion of ambrosia {unknown}
 i - 3 potions of heal wounds {unknown}
 n - a potion of haste {unknown}
 o - a potion of curing {unknown}
 s - a potion of degeneration {unknown}


   Skills:
 - Level 2.6 Fighting
 + Level 11.1 Long Blades
 - Level 2.4 Armour
 - Level 2.6 Shields


You had 8 spell levels left.
You didn't know any spells.
Your spell library contained the following spells:

 Spells                   Type           Power      Damage    Failure   Level
 Animate Skeleton         Necr           0%         N/A       86%         1
 Apportation              Tloc           0%         N/A       86%         1
 Beastly Appendage        Tmut           0%         N/A       86%         1
 Corona                   Hex            0%         N/A       86%         1
 Pain                     Necr           0%         1d4       86%         1
 Summon Small Mammal      Summ           0%         N/A       86%         1
 Wereblood                Tmut           0%         N/A       94%         2
 Call Canine Familiar     Summ           0%         N/A       99%         3
 Spider Form              Tmut/Pois      0%         N/A       99%         3
 Summon Guardian Golem    Hex/Summ       0%         N/A       99%         3
 Vampiric Draining        Necr           0%         2d6       99%         3


Dungeon Overview and Level Annotations

Branches:
Dungeon (5/15)             Temple (1/1) D:4

Altars:
Ashenzari
Cheibriados
Dithmenos
Elyvilon
Fedhas
Hepliaklqana
Kikubaaqudgha
Nemelex Xobeh
Okawaru
Qazlal
Ru
Sif Muna
Trog
Vehumet
Wu Jian
Xom
Yredelemnul
Zin
The Shining One

Shops:
D:3 [

Annotations:
D:4 Ijyb, Pikel
D:5 1 runed translucent door, Crazy Yiuf


Innate Abilities, Weirdness & Mutations

You have razor-sharp teeth.
Your natural rate of healing is unusually fast.
When hurt, damage is shared between your health and your magic reserves.
Your bite disrupts and absorbs the magic of your enemies.
Potions cannot restore your health.


Message History

You kill the ball python!
You hit the ufetubus. You burn the ufetubus.
The ufetubus is moderately wounded.
The ufetubus closely misses you. x2
You barely miss the ufetubus.
The ufetubus is moderately wounded.
You block the ufetubus's attack. The ufetubus hits you.
You barely miss the ufetubus. Your bite misses the ufetubus.
The ufetubus is moderately wounded.
The ufetubus hits you but does no damage.
The ufetubus closely misses you.
The ufetubus hits you but does no damage. x2
You closely miss the ufetubus. You bite the ufetubus.
You kill the ufetubus!
No target in view!
No target in view!
Found an escape hatch in the floor.
Ijyb the Twisted Goblin comes into view.
She is wielding a +1 dagger of speed and carrying a wand of acid (9).
Ijyb shouts!
Ijyb is nearby!
Ijyb is nearby!
Ijyb is nearby!
Ijyb is nearby!
Ijyb hits you but does no damage. x2
You hit Ijyb. You burn Ijyb. You bite Ijyb, but do no damage.
Ijyb is moderately wounded.
Ijyb hits you with a +1 dagger of speed.
You hit Ijyb. You burn Ijyb. You bite Ijyb, but do no damage.
Ijyb is heavily wounded.
Ijyb zaps a wand.
The bolt of acid hits you!!
Ouch! That really hurt!
The acid corrodes you!
You are too injured to fight recklessly!
You are too injured to fight recklessly!
You are too injured to fight recklessly!
You hit Ijyb but do no damage. Your bite misses Ijyb.
Ijyb is heavily wounded.
Ijyb zaps a wand.
The bolt of acid hits you!!
Ouch! That really hurt!
You die...

#.....#######
.##.....##
..........#
##.#......#
#.#......# #
######.# #.#
##.######.#.#
#....g@....#
##.##.###.#.#
#. #.##.# #.
#.. ..# #.
#### #.# #.
## #. #.


You could see Ijyb.

Vanquished Creatures
  Grinder (D:4)
  Eustachio (D:5)
  A wyvern (D:5)
  3 yaks (D:5)
  Duvessa (D:4)
  A water moccasin (D:5)
  A sky beast (D:5)
  An ice beast (D:5)
  3 necrophages
  An ogre (D:4)
  A centaur (D:5)
  A scorpion (D:5)
  Dowan (D:4)
  A bullfrog zombie (D:5)
  A centaur zombie (D:5)
  A hound (D:5)
  An orc priest (D:4)
  Jessica (D:3)
  A centaur skeleton (D:5)
  An iguana (D:5)
  Natasha (D:4)
  4 adders
  A gnoll (D:1)
  An ufetubus (D:4)
  An adder skeleton (D:4)
  2 worms (D:2)
  3 dart slugs
  4 orcs
  7 endoplasms
  3 giant cockroaches
  7 goblins
  8 hobgoblins
  5 quokkas
  3 ball pythons
  5 bats
  2 frilled lizards (D:1)
  2 kobolds
  3 rats
86 creatures vanquished.

Notes
Turn   | Place    | Note
-------+----------+-------------------------------------------
     0 | D:1      | siradein the Vine Stalker Fighter began the quest for the
                  | Orb.
     0 | D:1      | Reached XP level 1. HP: 11/11 MP: 2/2
    45 | D:1      | Found a faded altar of an unknown god.
    72 | D:1      | Reached skill level 2 in Long Blades
   285 | D:1      | Reached XP level 2. HP: 14/16 MP: 3/3
   641 | D:1      | Reached skill level 3 in Long Blades
   673 | D:1      | Reached XP level 3. HP: 19/19 MP: 4/4
  1495 | D:2      | Gained mutation: Your natural rate of healing is unusually
                  | fast. [Vine Stalker growth]
  1495 | D:2      | Reached XP level 4. HP: 16/23 MP: 3/5
  1506 | D:2      | Reached skill level 4 in Long Blades
  2029 | D:3      | Noticed Jessica
  2042 | D:3      | Killed Jessica
  2122 | D:3      | Found Duniawk's Antique Armour Shop.
  2187 | D:3      | Reached XP level 5. HP: 27/27 MP: 6/6
  2380 | D:3      | Found an ancient bone altar of Kikubaaqudgha.
  2476 | D:4      | Noticed a necrophage
  2481 | D:4      | Killed a necrophage
  2482 | D:4      | Reached skill level 5 in Long Blades
  2519 | D:4      | Noticed an ogre
  2538 | D:5      | Entered Level 5 of the Dungeon
  2573 | D:5      | Reached XP level 6. HP: 32/32 MP: 7/7
  2635 | D:5      | Reached skill level 6 in Long Blades
  2650 | D:5      | Noticed a necrophage
  2657 | D:5      | Killed a necrophage
  2663 | D:5      | Noticed a yak
  2663 | D:5      | Noticed a yak
  2666 | D:5      | Noticed a yak
  2714 | D:5      | Killed a yak
  2715 | D:5      | Reached skill level 7 in Long Blades
  2715 | D:5      | Reached XP level 7. HP: 29/35 MP: 4/8
  2719 | D:5      | Killed a yak
  2759 | D:5      | Killed a yak
  2760 | D:5      | Reached skill level 8 in Long Blades
  2760 | D:5      | Gained mutation: You have razor-sharp teeth. [Vine Stalker
                  | growth]
  2760 | D:5      | Reached XP level 8. HP: 39/39 MP: 9/9
  2851 | D:5      | Reached skill level 9 in Long Blades
  2930 | D:5      | Noticed a wyvern
  2938 | D:5      | Killed a wyvern
  3030 | D:5      | Noticed Eustachio
  3031 | D:5      | Identified the +3 war axe "Earthworm" {antimagic, Will+
                  | rCorr}
  3114 | D:5      | Killed Eustachio
  3115 | D:5      | Reached skill level 10 in Long Blades
  3133 | D:5      | Found a runed translucent door.
  3134 | D:5      | Noticed Crazy Yiuf
  3201 | D:5      | Noticed a two-headed ogre
  3299 | D:4      | Noticed Duvessa
  3326 | D:4      | Killed Duvessa
  3327 | D:4      | Reached XP level 9. HP: 37/43 MP: 8/10
  3361 | D:4      | Noticed Dowan
  3375 | D:4      | Killed Dowan
  3527 | D:4      | Noticed Grinder
  3541 | D:4      | Killed Grinder
  3551 | D:4      | Found a staircase to the Ecumenical Temple.
  3573 | Temple   | Entered the Ecumenical Temple
  3797 | D:4      | Noticed Pikel
  3805 | D:4      | Reached skill level 11 in Long Blades
  3827 | D:4      | Noticed Natasha
  3834 | D:4      | Killed Natasha
  3880 | D:4      | Noticed Ijyb
  3886 | D:4      | Killed from afar by Ijyb

Illustrated notes

Levels and vault maps discovered:
D:1:      giann_horns, layout_basic, hellmonk_ecumenical_altar_zigzags,
          serial_bayou_pond_c, kennysheep_decorative_pillar,
          minmay_crystal_water
D:2:      layout_rooms, serial_aquarium, aquarium_bridge_square
          [aquarium_subvault_bridge, aquarium_subvault_bridge,
          aquarium_subvault_bridge, aquarium_subvault_window],
          aquarium_bridge_long_joined [aquarium_subvault_window,
          aquarium_subvault_balcony, aquarium_subvault_wall,
          aquarium_subvault_bridge, aquarium_subvault_bridge,
          aquarium_subvault_bridge], aquarium_window_3, aquarium_window_1,
          aquarium_window_2, aquarium_window_corner, aquarium_view_2a,
          minmay_misc_feat_enclosed
D:3:      layout_rooms, mainiacjoe_overflow_surrounded_room, serial_shops,
          nicolae_shop_window_shopping, uniq_jessica
D:4:      layout_loops_ring, minmay_temple_entry_wispy, uniq_natasha,
          uniq_duvessa, uniq_ijyb, uniq_grinder, uniq_pikel
D:5:      layout_loops_ring, uniq_crazy_yiuf_cottage, uniq_eustachio
Temple:   eino_narrow_crystal_temple

Skill      XL: |  1  2  3  4  5  6  7  8  9 |
---------------+----------------------------+-----
Long Blades    | 2 3 4 5 7 8 10 11 | 11.1
Fighting       | |  2.6
Armour         | |  2.4
Shields        | |  2.6

Action                   |  1- 3 |  4- 6 |  7- 9 || total
-------------------------+-------+-------+-------++-------
Melee: Long sword        |    69 |   103 |    87 ||   259
       Bite              |    16 |    28 |    66 ||   110
       Rapier            |       |       |    81 ||    81
Armor: Scale mail        |    34 |    28 |       ||    62
       Pearl dragon scal |       |    12 |    98 ||   110
Dodge: Dodged            |    28 |    35 |    52 ||   115
Block: Buckler           |    15 |    12 |    24 ||    51

Table legend: (Time is in decaauts)
 A = Elapsed time spent in this place.
 B = Non-inter-level travel time spent in this place.
 C = Inter-level travel time spent in this place.
 D = Time resting spent in this place.
 E = Time spent auto-exploring this place.
 F = Levels seen in this place.
 G = Mean time per level.
                   A        B        C        D        E       F      G
               +--------+--------+--------+--------+--------+-----+--------+
         Total |   3916 |   3847 |     69 |     13 |   2889 |   6 |  652.7 |
       Dungeon |   3692 |   3623 |     69 |     13 |   2689 |   5 |  738.4 |
        Temple |    223 |    223 |      0 |      0 |    200 |   1 |  223.0 |
               +--------+--------+--------+--------+--------+-----+--------+

Top non-repeatable levels by time:
     D:1: 1370 daAuts
     D:5: 688 daAuts
     D:2: 677 daAuts
     D:4: 502 daAuts
     D:3: 453 daAuts
  Temple: 223 daAuts
